Map: Hard Lead LE

Players

cinzere - Winner!

  • Race: Terran Terran
  • League: Platinum
  • Spawn Location: 11:00

Subwayeatn

  • Race: Zerg Zerg
  • League: Gold
  • Spawn Location: 5:00

VOD

Have the link to the VOD?

Description

Time

  • Played on: Oct. 19, 2023, 3:02 p.m.
  • Length: 9:07
Show
View Real Time Build Order
Export as new Build Order

cinzere Terran - Winner!

Build Orders: Reaper Expand 

Get SALT Encoding   

  12  0:00  SCV  
  13  0:12  SCV  
  14  0:17  Supply Depot  
  14  0:24  SCV  
  15  0:39  SCV  
  15  0:40  Barracks  
  16  0:44  Refinery  
  16  0:51  SCV  
  17  1:03  SCV  
  18  1:15  SCV  
  19  1:28  Orbital Command, Reaper  
  20  1:40  Command Center  
  20  1:48  Supply Depot  
  20  1:53  SCV  
  21  1:59  Marine  
  22  2:05  Factory  
  22  2:09  SCV  
  23  2:18  Refinery  
  23  2:21  SCV  
  24  2:23  Barracks Reactor  
  24  2:43  SCV  
  25  2:50  Command Center  
  25  2:53  Orbital Command  
  25  2:59  SCV  
  26  3:09  Hellion x2  
  26  3:11  Barracks Tech Lab  
  30  3:13  SCV  
  30  3:19  Starport  
  31  3:21  SCV  
  32  3:27  Supply Depot  
  32  3:28  SCV  
  33  3:42  Hellion x2  
  33  3:45  Stimpack, Marine  
  38  3:49  SCV x2  
  40  3:56  Barracks  
  40  4:04  Marine  
  41  4:11  Hellion x2  
  41  4:12  Medivac  
  41  4:15  SCV x2  
  49  4:19  Orbital Command  
  49  4:21  Marine  
  50  4:27  Supply Depot  
  50  4:37  Hellion x2  
  52  4:48  SCV  
  52  4:49  SCV x2  
  55  5:01  SCV x2  
  55  5:02  Refinery  
  55  5:04  Refinery  
  57  5:07  Marine  
  57  5:08  Medivac  
  57  5:12  Factory Tech Lab, Marine x2  
  62  5:15  SCV x3  
  65  5:22  Supply Depot  
  65  5:25  Supply Depot  
  65  5:27  SCV x3  
  68  5:35  Marine x3  
  71  5:36  Siege Tank  
  71  5:42  Barracks  
  74  5:44  Barracks  
  74  5:46  Factory  
  74  5:52  Marine  
  74  5:53  Starport Reactor, Marine x2  
  74  5:55  Combat Shield  
  77  6:10  SCV x3  
  80  6:23  Orbital Command  
  80  6:34  Supply Depot  
  80  6:35  Marine x2  
  80  6:36  Barracks Tech Lab x2  
  80  6:37  Factory Tech Lab, Marauder  
  80  6:38  Siege Tank, Medivac x2  
  87  7:12  Marine x2  
  87  7:13  Marauder  
  87  7:14  Concussive Shells  
  94  7:15  Marauder  
  94  7:16  Marauder  
  94  7:17  Siege Tank x2  
  94  7:22  Supply Depot x3, Medivac  
  101  7:24  Engineering Bay  
  101  7:25  Engineering Bay  
  100  7:36  Marine  
  101  7:42  Medivac, Marine  
  101  7:43  Marauder x2, SCV x3  
  113  7:51  Marauder  
  113  7:52  Siege Tank x2  
  119  8:04  Marauder  
  121  8:46  SCV  
  121  8:47  SCV x2  
Show
View Real Time Build Order
Export as new Build Order

Subwayeatn Zerg 

Build Orders: Hatch First 

Get SALT Encoding   

  12  0:01  Drone  
  13  0:12  Overlord  
  13  0:17  Drone  
  14  0:31  Drone x2  
  14  0:35  Drone  
  17  0:52  Hatchery  
  16  0:59  Drone  
  16  1:02  Extractor  
  16  1:12  Spawning Pool  
  16  1:15  Drone  
  16  1:17  Drone  
  17  1:20  Drone  
  18  1:28  Drone  
  19  1:39  Drone  
  20  1:50  Overlord  
  20  2:04  Queen x2  
  20  2:06  Metabolic Boost  
  24  2:13  Zergling x4  
  26  2:15  Zergling x2  
  27  2:28  Extractor  
  27  2:51  Overlord  
  27  2:56  Drone  
  27  2:57  Drone x4  
  32  3:06  Lair  
  32  3:12  Roach Warren  
  31  3:14  Drone  
  31  3:15  Drone x4  
  36  3:42  Drone x6  
  36  3:44  Overlord  
  36  3:46  Overlord  
  42  3:49  Zergling x2  
  42  4:06  Roach x3  
  42  4:07  Roach x2  
  51  4:15  Roach  
  53  4:20  Overlord  
  53  4:22  Hatchery  
  52  4:25  Extractor  
  51  4:36  Roach x2  
  54  4:50  Drone x8  
  62  4:56  Extractor  
  62  4:57  Extractor  
  60  5:01  Drone x2  
  60  5:04  Overlord  
  60  5:06  Overlord  
  62  5:09  Glial Reconstitution  
  62  5:12  Queen  
  62  5:13  Queen  
  66  5:16  Drone x2  
  68  5:25  Overseer  
  68  5:36  Queen  
  68  5:37  Overlord  
  68  5:39  Roach  
  68  5:40  Roach x4  
  80  5:55  Drone x3, Evolution Chamber  
  82  5:58  Evolution Chamber  
  82  6:02  Drone x3  
  82  6:03  Drone x3  
  87  6:07  Overlord  
  87  6:08  Overlord x2  
  87  6:12  Zergling x2  
  88  6:21  Spine Crawler  
  88  6:22  Extractor  
  88  6:24  Zerg Missile Weapons Level 1  
  88  6:25  Extractor, Zerg Ground Armor Level 1  
  85  6:34  Drone  
  85  6:35  Drone  
  83  7:33  Zergling x10  
  87  7:39  Drone x4  
  87  7:40  Drone x6  
  97  7:50  Hydralisk Den  
  96  7:52  Overlord  
  96  8:03  Hatchery  
  95  8:08  Extractor  
  94  8:14  Roach  
  94  8:15  Roach x8  
  112  8:31  Overlord  
  112  8:32  Overlord x3  
  112  8:36  Zergling x2  
  81  8:48  Zergling x2  
  81  8:49  Zergling x10  
Tags
 
Add a new tag
Caveats
  • Supply blocks, unpowered buildings, or Contaminate may cause inaccurate times.
  • Supply counts are checked every 10 seconds.